Map: Neonlichtdistrikt LE

Players

MilAgro

  • Race: Zerg Zerg
  • League: Diamond
  • Spawn Location: 5:00

Siska - Winner!

  • Race: Protoss Protoss
  • League: Diamond
  • Spawn Location: 11:00

VOD

Have the link to the VOD?

Description

I almost got him but then he made Archons

Time

  • Played on: Feb. 17, 2018, 10:39 a.m.
  • Length: 14:51
Show
View Real Time Build Order
Export as new Build Order

MilAgro Zerg 

Build Orders: 3 Hatch before Pool 

Get SALT Encoding   

  12  0:03  Drone  
  13  0:13  Overlord  
  13  0:21  Drone  
  14  0:33  Drone x2  
  16  0:38  Drone  
  17  0:48  Drone  
  18  0:59  Hatchery  
  18  1:02  Drone  
  18  1:08  Drone  
  19  1:30  Hatchery  
  18  1:38  Spawning Pool  
  17  1:41  Drone  
  17  1:44  Drone  
  19  1:48  Drone  
  20  1:56  Drone  
  21  2:04  Drone  
  22  2:11  Overlord  
  22  2:17  Drone  
  23  2:26  Zergling x4, Queen  
  23  2:28  Queen  
  29  2:35  Overlord  
  29  2:36  Drone  
  30  2:42  Queen  
  30  2:44  Drone  
  33  2:48  Drone  
  33  2:49  Drone  
  35  2:56  Drone x2  
  37  3:00  Drone  
  37  3:04  Drone x2  
  39  3:09  Zergling x2  
  40  3:14  Drone  
  40  3:16  Drone  
  42  3:22  Zergling x2  
  43  3:30  Zergling x6  
  46  3:36  Drone x2  
  48  3:44  Drone x2  
  48  3:45  Overlord x3  
  50  3:48  Extractor  
  50  3:49  Hatchery, Drone  
  50  3:50  Drone  
  50  3:51  Drone, Extractor  
  50  4:03  Drone  
  50  4:04  Hatchery, Drone x2  
  52  4:11  Drone x4  
  56  4:20  Drone x3  
  56  4:21  Drone x3  
  56  4:22  Overlord  
  62  4:27  Extractor  
  62  4:28  Extractor  
  60  4:38  Queen  
  60  4:39  Roach Warren  
  60  4:40  Overlord x2  
  60  4:41  Drone x3  
  64  4:48  Drone x4  
  67  4:53  Metabolic Boost  
  67  4:56  Zergling x2  
  67  4:57  Zergling x6  
  70  5:01  Zergling x2  
  70  5:02  Zergling x6  
  74  5:17  Zergling x2  
  74  5:18  Zergling x14  
  74  5:19  Spine Crawler  
  81  5:22  Spine Crawler  
  81  5:24  Queen  
  81  5:26  Roach x2  
  86  5:30  Lair  
  83  5:40  Zergling x12  
  82  5:46  Zergling x8  
  81  5:53  Drone x4  
  85  5:59  Roach x2  
  88  6:10  Zergling x10  
  88  6:11  Zergling x6  
  92  6:17  Zergling x2  
  92  6:18  Zergling x10  
  97  6:20  Roach  
  98  6:29  Roach  
  98  6:30  Roach x3  
  88  6:37  Roach x3  
  74  6:44  Drone  
  74  6:45  Drone x2  
  62  6:56  Zergling x8  
  62  7:08  Drone x6  
  66  7:25  Drone x3  
  66  7:26  Drone x6  
  75  7:40  Roach x5  
  82  7:48  Hydralisk Den  
  81  8:04  Hatchery  
  80  8:07  Spire  
  79  8:20  Drone  
  79  8:21  Drone x13  
  93  8:32  Extractor  
  92  8:36  Extractor  
  92  8:37  Extractor  
  92  8:38  Drone x2  
  92  8:39  Drone  
  92  8:41  Extractor  
  92  8:42  Roach  
  92  8:43  Roach x5  
  92  8:47  Overlord  
  104  8:49  Overlord  
  104  8:56  Grooved Spines  
  104  9:02  Overlord x3  
  104  9:17  Drone x3  
  106  9:19  Queen  
  106  9:23  Mutalisk x4, Zerg Flyer Weapons Level 1  
  117  9:32  Mutalisk  
  117  9:33  Mutalisk x2  
  123  9:39  Mutalisk  
  123  9:40  Mutalisk x2  
  123  9:42  Mutalisk  
  123  9:44  Overlord  
  131  9:52  Drone x4  
  135  9:53  Drone x2  
  135  9:56  Glial Reconstitution  
  137  10:08  Mutalisk x5  
  145  10:21  Mutalisk  
  145  10:22  Mutalisk x4  
  144  10:30  Mutalisk x3  
  140  10:39  Queen  
  133  10:43  Mutalisk x4  
  131  10:50  Queen  
  131  10:51  Queen  
  131  10:52  Mutalisk  
  129  10:59  Drone x2  
  126  11:06  Drone x7  
  126  11:07  Drone x2  
  134  11:19  Mutalisk x2  
  134  11:20  Mutalisk x2  
  138  11:27  Spine Crawler  
  137  11:39  Mutalisk  
  135  11:40  Mutalisk x4  
  135  11:46  Spine Crawler  
  135  11:47  Spine Crawler  
  130  11:58  Queen  
  83  12:28  Zergling x18  
  83  12:29  Zergling x2  
  81  12:47  Drone x6  
  83  12:59  Drone  
  83  13:00  Drone  
  83  13:14  Drone  
  83  13:15  Drone x2  
  36  13:43  Mutalisk x4  
  44  14:17  Zergling x2  
  44  14:18  Zergling x6  
  44  14:19  Hatchery  
  47  14:24  Drone  
  47  14:25  Drone x2  
Show
View Real Time Build Order
Export as new Build Order

Siska Protoss - Winner!

Build Orders: 1 Gate Expand 

Get SALT Encoding   

  12  0:01  Probe  
  13  0:13  Probe  
  14  0:19  Pylon  
  14  0:25  Probe  
  15  0:37  Probe (Chrono Boost)  
  15  0:40  Gateway  
  16  0:45  Assimilator  
  16  0:49  Probe (Chrono Boost)  
  17  0:58  Probe (Chrono Boost)  
  17  1:03  Probe  
  19  1:23  Nexus  
  19  1:28  Probe  
  20  1:39  Cybernetics Core  
  20  1:43  Probe  
  21  1:50  Pylon  
  21  1:53  Assimilator  
  21  1:55  Probe  
  22  2:07  Probe  
  23  2:15  Gateway  
  23  2:17  Warp Gate  
  23  2:18  Adept (Chrono Boost)  
  25  2:23  Probe  
  26  2:42  Robotics Facility  
  26  2:44  Probe (Chrono Boost)  
  26  2:45  Probe (Chrono Boost)  
  26  2:50  Adept  
  30  2:56  Probe (Chrono Boost)  
  33  3:05  Probe x2 (Chrono Boost)  
  33  3:09  Adept  
  35  3:15  Gateway  
  35  3:16  Probe  
  36  3:22  Adept  
  38  3:40  Immortal (Chrono Boost), Probe x2  
  44  3:50  Twilight Council  
  44  3:52  Probe  
  44  3:54  Pylon  
  45  4:00  Pylon  
  45  4:02  Probe  
  46  4:12  Probe  
  46  4:14  Probe  
  46  4:15  Resonating Glaives (Chrono Boost)  
  46  4:16  Immortal  
  52  4:25  Probe  
  52  4:26  Probe  
  54  4:31  Adept x2  
  54  4:34  Adept  
  54  4:37  Probe  
  61  4:39  Probe  
  61  4:43  Pylon  
  62  4:47  Pylon  
  62  5:00  Warp Prism (Chrono Boost)  
  62  5:01  Probe x2  
  66  5:08  Adept x3  
  66  5:13  Probe x2  
  74  5:17  Pylon  
  74  5:18  Gateway  
  74  5:21  Gateway  
  72  5:46  Adept  
  72  5:47  Adept x2  
  78  6:16  Adept x3  
  72  6:34  Adept x2  
  66  6:46  Adept x3  
  58  6:58  Nexus  
  58  6:59  Pylon  
  56  7:01  Adept x2  
  56  7:02  Pylon  
  56  7:11  Gateway  
  56  7:12  Gateway  
  54  7:15  Gateway  
  54  7:17  Gateway  
  54  7:22  Probe x2, Templar Archives  
  56  7:24  Charge (Chrono Boost)  
  56  7:29  Zealot x5  
  66  7:31  Immortal  
  66  7:34  Probe  
  71  7:50  Psionic Storm, Zealot x5  
  81  7:56  Probe x2  
  85  8:18  Probe x2  
  87  8:25  High Templar x2  
  89  8:29  Assimilator  
  89  8:30  Probe  
  89  8:32  Assimilator  
  90  8:35  Zealot x3  
  90  8:36  Zealot x4  
  104  8:43  Probe x2  
  104  8:46  Probe  
  107  8:55  Probe x2  
  107  8:58  Zealot x3, Probe  
  107  9:01  Pylon  
  116  9:03  Pylon  
  116  9:27  Zealot x2  
  116  9:28  Zealot x2  
  124  9:42  Nexus  
  124  9:45  Pylon  
  124  9:46  Pylon  
  124  10:00  Assimilator  
  124  10:02  Pylon  
  124  10:03  Assimilator  
  124  10:04  Pylon  
  124  10:06  Pylon  
  124  10:08  Forge  
  124  10:09  Forge  
  124  10:10  Zealot  
  124  10:11  Zealot x6  
  124  10:12  Zealot  
  134  10:37  High Templar x2  
  134  10:39  Protoss Ground Weapons Level 1 (Chrono Boost), High Templar x3  
  134  10:40  High Templar, Protoss Ground Armor Level 1 (Chrono Boost)  
  132  10:45  Archon x3  
  132  10:49  Zealot x2  
  130  10:57  Photon Cannon  
  130  11:00  Photon Cannon  
  130  11:02  Photon Cannon  
  122  11:12  Assimilator  
  122  11:17  Assimilator  
  122  11:23  Photon Cannon  
  122  11:25  Photon Cannon  
  122  11:31  Archon  
  120  11:34  Stalker x3  
  120  11:35  Stalker x3  
  120  11:36  Stalker x2  
  117  11:58  Zealot x6  
  117  11:59  Zealot x2  
  89  12:21  Stalker x2  
  89  12:22  Stalker x3  
  69  12:38  Stalker  
  69  12:39  Stalker x2  
  63  12:45  Stalker  
  59  13:13  Pylon  
  47  13:25  High Templar x6  
  56  13:29  Archon x3  
  51  13:59  High Templar x3  
  57  14:04  Archon  
  53  14:34  Zealot x3  
  53  14:35  Zealot x5  
Tags
 
Add a new tag
Caveats
  • Supply blocks, unpowered buildings, or Contaminate may cause inaccurate times.
  • Supply counts are checked every 10 seconds.